Map: Lerilak Crest

Players

Kakashka

  • Race: Zerg Zerg
  • League: Diamond

Keiras - Winner!

  • Race: Zerg Zerg
  • League: Master

VOD

Have the link to the VOD?

Description

Time

  • Played on: Aug. 24, 2015, 12:49 p.m.
  • Length: 4:11
Show
View Real Time Build Order
Export as new Build Order

Kakashka Zerg 

Build Orders: Pool First 

Get SALT Encoding   

  12  0:01  Drone  
  13  0:09  Extractor  
  12  0:26  Spawning Pool  
  11  0:29  Drone  
  11  0:34  Drone  
  13  0:40  Drone  
  14  0:52  Overlord  
  14  1:13  Zergling x2  
  14  1:15  Zergling x2  
  14  1:16  Metabolic Boost, Zergling x2  
  17  1:25  Zergling x2  
  18  1:33  Queen  
  18  1:38  Zergling x2  
  21  1:47  Zergling x2  
  22  2:08  Overlord  
  22  2:25  Queen  
  22  2:28  Zergling x4  
  26  2:39  Zergling x2  
  26  2:40  Zergling x2  
  26  2:42  Zergling x4  
  28  3:07  Hatchery  
  28  3:08  Zergling x4  
  28  3:14  Zergling x2  
  29  3:26  Zergling x2  
  29  3:31  Overlord x2  
  28  3:43  Baneling Nest  
Show
View Real Time Build Order
Export as new Build Order

Keiras Zerg - Winner!

Build Orders: Pool Only, Zergling Baneling 

Get SALT Encoding   

  12  0:01  Drone  
  13  0:08  Drone  
  14  0:21  Extractor  
  13  0:30  Spawning Pool  
  13  0:32  Drone  
  13  0:35  Drone  
  14  0:47  Overlord  
  14  1:05  Drone  
  15  1:17  Queen  
  17  1:19  Zergling x4  
  17  1:23  Metabolic Boost  
  19  1:26  Zergling x2  
  19  1:31  Zergling x2  
  21  1:41  Zergling x2  
  22  1:53  Baneling Nest, Zergling x2  
  22  2:09  Overlord  
  22  2:35  Zergling x2  
  22  2:36  Zergling x4  
  22  2:45  Zergling x2  
  22  2:48  Zergling x2  
  23  2:54  Baneling x3  
  23  2:55  Baneling x2  
  23  3:03  Zergling x6  
  26  3:18  Zergling x2  
  26  3:30  Zergling x6  
  29  3:38  Baneling x2  
  29  3:39  Baneling  
  29  3:43  Overlord  
Tags
 
Add a new tag
Caveats
  • Supply blocks, unpowered buildings, or Contaminate may cause inaccurate times.
  • Supply counts are checked every 10 seconds.